Map: Distretto abbandonato

Players

Meatgrinder

  • Race: Terran Terran
  • League: Bronze
  • Spawn Location: 12:00

Hiall

  • Race: Terran Terran
  • Spawn Location: 12:00

Xardas

  • Race: Protoss Protoss
  • Spawn Location: 9:00

Sugarfruit

  • Race: Terran Terran
  • Spawn Location: 3:00

RusKostyan - Winner!

  • Race: Terran Terran
  • Spawn Location: 3:00

Jhyrachy - Winner!

  • Race: Zerg Zerg
  • League: Gold
  • Spawn Location: 7:00

GabrielsMad - Winner!

  • Race: Protoss Protoss
  • League: Silver
  • Spawn Location: 6:00

bordo - Winner!

  • Race: Terran Terran
  • Spawn Location: 6:00

VOD

Have the link to the VOD?

Description

Time

  • Played on: April 23, 2016, 5:58 p.m.
  • Length: 20:52
Show
View Real Time Build Order
Export as new Build Order

Meatgrinder Terran 

Build Orders:  

Get SALT Encoding   

  12  0:10  SCV  
  13  0:19  Supply Depot  
  13  0:22  SCV  
  14  0:30  Supply Depot  
  14  0:46  Barracks  
  14  1:01  Supply Depot  
  14  1:15  Refinery, SCV  
  15  1:24  Supply Depot  
  15  1:27  SCV  
  16  1:39  SCV  
  17  1:46  Supply Depot  
  17  1:52  Refinery, SCV  
  18  2:19  Command Center  
  18  2:24  SCV  
  19  2:38  Factory  
  19  2:41  SCV  
  20  2:53  SCV  
  21  3:04  Factory  
  21  3:05  SCV  
  22  3:20  SCV, Factory  
  23  3:30  Factory Reactor  
  23  3:32  SCV  
  24  3:48  Factory Tech Lab  
  24  3:50  SCV  
  24  3:52  SCV  
  26  4:11  Hellion x2  
  26  4:12  Hellion  
  26  4:14  Hellion  
  30  5:06  Hellion x4  
  38  5:11  SCV  
  38  5:13  SCV  
  40  5:21  Infernal Pre-Igniter  
  40  5:27  Hellion x4  
  48  5:48  Hellion x2  
  48  5:49  Hellion  
  54  6:05  Armory  
  54  6:07  Hellion  
  54  6:08  Armory  
  54  6:10  Factory Reactor  
  56  6:22  Hellion  
  56  6:23  Hellion  
  60  6:29  Hellion  
  62  7:23  Terran Vehicle Weapons Level 1, Terran Vehicle And Ship Armor Level 1, Barracks  
  62  7:42  Supply Depot  
  62  8:04  Supply Depot, Hellion x4  
  70  8:15  Orbital Command  
  70  8:17  Orbital Command  
  70  8:26  Hellion x4  
  78  8:27  Supply Depot  
  78  8:38  Supply Depot  
  78  8:49  Hellion x4  
  86  9:00  Hellion  
  86  9:01  Supply Depot  
  76  9:10  Hellion  
  76  9:17  Hellion x3  
  84  9:22  Hellion  
  86  9:32  Hellion  
  86  9:38  Hellion x3  
  94  9:47  Hellion  
  94  9:48  Terran Vehicle Weapons Level 2  
  96  9:53  Hellion  
  96  9:56  Terran Vehicle And Ship Armor Level 2  
  96  9:59  Hellion  
  102  10:00  Hellion  
  42  11:29  Widow Mine x5  
  38  11:57  Widow Mine  
  38  11:58  Widow Mine x4  
  48  12:06  Terran Vehicle Weapons Level 3  
  48  12:10  Drilling Claws  
  48  12:16  Terran Vehicle And Ship Armor Level 3  
  48  12:26  Widow Mine x4  
  48  12:27  Widow Mine  
  58  12:34  Factory  
  58  12:38  Factory  
  58  12:54  Widow Mine  
  58  12:55  Widow Mine x4  
  68  13:07  Refinery  
  68  13:11  Refinery  
  68  13:19  Factory Reactor  
  68  13:22  Factory Reactor  
  68  13:23  Widow Mine x4  
  68  13:24  Widow Mine  
  78  13:51  Widow Mine  
  78  13:52  Widow Mine x4  
  88  14:14  Widow Mine x4  
  96  14:20  Widow Mine x3  
  96  14:21  Widow Mine x2  
  106  14:42  Widow Mine  
  106  14:43  Widow Mine x2  
  82  15:20  Widow Mine x4  
  82  15:21  Widow Mine x5  
  74  15:48  Widow Mine  
  74  15:49  Widow Mine x6  
  54  15:56  Widow Mine x2  
  64  16:17  Widow Mine x4  
  64  16:18  Widow Mine x2  
  54  17:03  Widow Mine x6  
  54  17:04  Widow Mine x3  
  70  17:31  Widow Mine x2  
  70  17:32  Widow Mine x4  
  62  18:21  Widow Mine x3  
  62  18:22  Widow Mine x2  
  62  18:24  Widow Mine  
  78  18:40  Widow Mine  
Show
View Real Time Build Order
Export as new Build Order

Hiall Terran 

Build Orders:  

Get SALT Encoding   

  12  0:18  SCV  
  13  0:23  Refinery, Supply Depot  
  13  0:30  SCV  
  14  0:46  Barracks  
  14  1:01  SCV  
  15  1:09  Barracks  
  15  1:14  SCV  
  15  1:18  Refinery  
  16  1:35  Reaper  
  17  1:47  Factory  
  17  1:51  SCV  
  18  1:57  Reaper  
  19  2:14  Reaper  
  20  2:18  Orbital Command  
  20  2:32  Reaper  
  20  2:48  Reaper  
  20  2:53  SCV  
  20  2:54  Factory Tech Lab  
  20  3:08  Reaper  
  20  3:14  Bunker, Widow Mine  
  22  3:27  Command Center  
  22  3:33  Reaper  
  20  3:58  SCV  
  21  4:08  Barracks Reactor x2  
  21  4:14  Factory Tech Lab  
  21  4:20  SCV  
  22  4:42  Siege Tank  
  24  5:03  Marine x3  
  24  5:04  Marine  
  28  5:12  Starport  
  28  5:18  Supply Depot  
  28  5:19  Supply Depot  
  28  5:27  SCV x2  
  30  5:44  Siege Tank  
  30  5:45  Marine x3  
  30  5:46  Marine  
  37  5:59  SCV x2  
  39  6:12  Orbital Command  
  39  6:14  Marine, SCV  
  39  6:15  Marine x2  
  39  6:16  Marine  
  44  6:18  Medivac  
  44  6:24  Engineering Bay  
  46  6:28  SCV  
  46  6:29  Engineering Bay  
  47  6:33  Marine  
  47  6:35  Supply Depot  
  48  6:41  SCV  
  47  7:08  Siege Tank  
  50  7:16  SCV  
  50  7:17  Marine x3, SCV  
  50  7:18  Marine  
  50  7:21  Terran Infantry Weapons Level 1, Terran Infantry Armor Level 1  
  56  7:29  SCV x2  
  47  7:47  Marine x2  
  47  7:48  Marine  
  47  7:49  Marine  
  47  7:50  Siege Tank  
  54  7:51  Starport Reactor  
  42  8:21  Marine x4  
  42  8:22  Siege Tank  
  42  8:23  SCV x2  
  51  8:35  SCV x2  
  51  8:39  Refinery  
  53  8:41  Refinery  
  53  8:47  Supply Depot  
  53  8:53  Command Center, Barracks  
  53  8:59  Marine x3  
  53  9:00  Marine  
  57  9:12  Viking  
  57  9:13  Viking  
  61  9:17  Marine  
  61  9:23  SCV x2  
  64  9:26  Siege Tank  
  67  9:33  Armory  
  67  9:37  Factory  
  67  9:38  SCV x2  
  69  9:50  SCV  
  70  9:54  Barracks Tech Lab  
  70  10:12  Refinery  
  70  10:14  Refinery  
  70  10:16  Viking x2  
  74  10:46  Viking x2  
  74  10:47  SCV  
  80  10:51  Orbital Command  
  79  11:31  Viking x2  
  78  12:07  Viking x2  
  80  12:12  SCV x3  
  80  12:34  Starport  
  80  12:35  Starport  
  80  12:37  Starport, Factory Tech Lab  
  80  12:46  Supply Depot, Stimpack  
  80  12:47  Supply Depot  
  80  12:48  Supply Depot  
  80  12:49  Supply Depot  
  80  12:56  Terran Infantry Weapons Level 2  
  80  12:59  Barracks  
  80  13:01  Barracks  
  80  13:04  Barracks  
  80  13:07  Thor  
  80  13:09  SCV  
  80  13:10  SCV x2  
  89  13:16  Supply Depot  
  89  13:21  Supply Depot  
  89  13:22  SCV  
  89  13:23  Thor  
  47  13:57  Starport Reactor  
  47  14:20  Barracks Reactor  
  47  14:21  Barracks Reactor  
  47  14:22  Barracks Reactor  
  47  14:23  Factory Reactor, Marine x2  
  47  14:24  Marine  
  49  14:28  Factory Reactor  
  50  14:36  Viking x4  
  58  14:43  Starport Reactor  
  58  14:47  Combat Shields  
  43  15:07  Viking x2  
  49  15:15  Widow Mine  
  49  15:16  Widow Mine x3, Viking  
  37  16:52  Viking x4  
  37  16:53  Viking  
  49  17:12  Orbital Command  
  49  17:22  Viking x2  
  45  17:40  Viking  
  35  18:44  Orbital Command  
Show
View Real Time Build Order
Export as new Build Order

Xardas Protoss 

Build Orders: Cannon Rush 

Get SALT Encoding   

  12  0:02  Probe (Chrono Boost)  
  13  0:18  Pylon  
  13  0:19  Probe (Chrono Boost)  
  14  0:30  Probe (Chrono Boost)  
  15  0:37  Forge  
  15  0:42  Probe (Chrono Boost)  
  16  0:52  Probe (Chrono Boost)  
  17  1:11  Probe (Chrono Boost)  
  18  1:27  Pylon  
  18  1:35  Photon Cannon  
  18  1:36  Photon Cannon  
  18  1:46  Photon Cannon  
  18  1:48  Photon Cannon  
  18  1:51  Photon Cannon  
  18  1:59  Pylon  
  18  2:22  Photon Cannon  
  18  2:26  Photon Cannon  
  18  2:30  Photon Cannon  
  18  2:40  Photon Cannon  
  18  2:43  Photon Cannon  
  18  2:51  Assimilator  
  18  2:56  Assimilator  
  18  3:01  Pylon  
  18  3:05  Pylon  
  18  3:32  Nexus  
  15  4:45  Probe (Chrono Boost)  
  15  4:56  Probe (Chrono Boost)  
  16  5:06  Probe (Chrono Boost)  
  17  5:20  Probe (Chrono Boost)  
  18  5:34  Probe (Chrono Boost)  
  19  5:44  Probe (Chrono Boost)  
  20  5:55  Probe (Chrono Boost), Nexus  
  21  6:05  Probe (Chrono Boost)  
  22  6:16  Probe (Chrono Boost)  
  23  6:18  Gateway  
  23  6:26  Probe (Chrono Boost)  
  24  7:12  Cybernetics Core  
  24  7:13  Assimilator  
  24  7:17  Assimilator, Probe (Chrono Boost)  
  25  7:28  Probe (Chrono Boost)  
  26  7:38  Probe (Chrono Boost)  
  27  7:46  Pylon  
  27  7:48  Assimilator  
  27  7:53  Assimilator, Probe (Chrono Boost)  
  28  8:03  Cybernetics Core, Probe (Chrono Boost)  
  29  8:09  Pylon  
  29  8:13  Probe (Chrono Boost)  
  29  8:14  Probe (Chrono Boost)  
  29  8:19  Pylon  
  31  8:23  Probe (Chrono Boost)  
  32  8:32  Probe (Chrono Boost)  
  34  8:34  Probe (Chrono Boost)  
  34  8:43  Probe (Chrono Boost)  
  34  8:46  Stargate  
  35  8:49  Stargate  
  35  8:53  Probe (Chrono Boost)  
  36  9:15  Pylon  
  32  9:17  Photon Cannon  
  32  9:22  Pylon  
  21  9:33  Void Ray (Chrono Boost)  
  21  9:34  Void Ray (Chrono Boost)  
  21  9:38  Photon Cannon  
  27  10:14  Void Ray (Chrono Boost)  
  35  10:19  Void Ray (Chrono Boost)  
  35  10:25  Nexus  
  35  10:51  Void Ray (Chrono Boost)  
  39  11:04  Nexus  
  39  11:24  Void Ray (Chrono Boost)  
  43  11:28  Protoss Air Weapons Level 1 (Chrono Boost)  
  43  11:35  Probe  
  44  11:46  Probe  
  45  11:56  Probe  
  46  12:06  Void Ray  
  46  12:08  Probe  
  51  12:16  Probe  
  51  12:19  Probe  
  53  12:26  Probe  
  53  12:29  Probe  
  54  12:32  Stargate  
  55  12:37  Probe  
  55  12:40  Probe  
  57  12:48  Probe  
  57  12:50  Probe  
  58  12:58  Probe  
  59  13:01  Probe  
  59  13:03  Fleet Beacon  
  61  13:09  Probe  
  61  13:11  Probe  
  62  13:18  Assimilator  
  62  13:19  Probe  
  64  13:28  Assimilator  
  64  13:29  Probe  
  64  13:30  Probe  
  66  13:39  Probe  
  66  13:40  Probe  
  68  13:48  Tempest (Chrono Boost)  
  68  13:50  Probe, Tempest (Chrono Boost)  
  77  14:11  Tempest (Chrono Boost)  
  81  14:19  Assimilator  
  81  14:20  Probe  
  82  14:25  Probe  
  82  14:30  Probe  
  83  14:33  Pylon, Protoss Air Weapons Level 2 (Chrono Boost)  
  83  14:34  Pylon  
  83  14:35  Tempest (Chrono Boost)  
  83  14:37  Probe  
  85  14:40  Tempest (Chrono Boost)  
  85  14:41  Probe  
  94  14:49  Probe  
  91  15:23  Tempest (Chrono Boost)  
  91  15:25  Tempest (Chrono Boost)  
  103  15:29  Tempest (Chrono Boost)  
  103  16:07  Tempest x2 (Chrono Boost)  
  115  16:12  Tempest (Chrono Boost)  
  115  16:28  Pylon  
  115  16:30  Pylon  
  115  16:31  Pylon  
  115  16:36  Pylon  
  123  16:47  Void Ray x2 (Chrono Boost)  
  123  16:55  Void Ray (Chrono Boost)  
  107  17:26  Tempest (Chrono Boost)  
  107  17:27  Tempest (Chrono Boost)  
  107  17:29  Tempest (Chrono Boost)  
  119  17:40  Protoss Air Armor Level 1 (Chrono Boost)  
  112  18:05  Tempest  
  112  18:07  Tempest  
  103  18:47  Tempest (Chrono Boost)  
  91  18:49  Tempest (Chrono Boost)  
  91  18:55  Tempest (Chrono Boost)  
  67  19:26  Tempest (Chrono Boost)  
  67  19:46  Void Ray (Chrono Boost)  
  67  19:47  Void Ray (Chrono Boost)  
  63  20:04  Void Ray (Chrono Boost)  
Show
View Real Time Build Order
Export as new Build Order

Sugarfruit Terran 

Build Orders:  

Get SALT Encoding   

  12  0:37  SCV  
  13  0:49  Supply Depot  
  13  0:50  Supply Depot  
  13  0:54  SCV  
  14  1:15  Supply Depot  
  14  1:20  Barracks  
  14  1:35  SCV  
  14  1:39  Command Center  
  15  1:43  Refinery  
  15  1:50  Refinery  
  15  1:55  SCV  
  17  2:12  Orbital Command  
  17  2:15  Marine  
  17  2:33  Marine  
  17  2:51  Marine  
  18  3:06  SCV, Factory  
  18  3:08  Marine  
  20  3:15  Barracks  
  20  3:19  Bunker  
  20  3:39  Marine  
  21  3:49  SCV  
  21  3:54  Starport  
  22  3:56  Marine  
  22  3:57  Widow Mine  
  25  4:20  Barracks Reactor, Barracks Tech Lab  
  25  4:24  SCV  
  26  4:36  SCV  
  27  4:49  Marauder  
  27  4:51  Widow Mine  
  31  5:04  SCV  
  31  5:05  Barracks Reactor, Medivac x2  
  36  5:08  Orbital Command  
  36  5:15  Marine  
  36  5:20  Liberator  
  37  5:21  Factory Tech Lab  
  37  5:35  Medivac  
  39  5:42  Marine x3  
  44  5:47  Siege Tank  
  48  5:50  SCV  
  48  5:55  SCV  
  50  6:00  Marine  
  50  6:02  SCV  
  52  6:07  SCV  
  53  6:26  Engineering Bay  
  53  6:27  SCV  
  54  7:06  Supply Depot x2  
  54  7:27  Marine x3, Viking x2  
  54  7:28  Siege Tank, SCV  
  49  9:03  Siege Tank  
  49  9:04  Medivac  
  49  9:05  Marine x2  
  54  9:43  SCV  
  55  9:47  Refinery  
  55  9:49  Refinery  
  55  10:01  Command Center  
  55  10:17  Missile Turret  
  55  10:18  Missile Turret  
  55  10:19  Missile Turret  
  55  10:28  Supply Depot  
  55  10:29  Supply Depot  
  55  10:38  Missile Turret  
  55  10:40  Missile Turret  
  55  10:41  Missile Turret  
  55  10:49  Siege Tank, SCV  
  59  10:50  Supply Depot  
  59  10:53  Supply Depot  
  59  10:56  Armory  
  59  11:01  Sensor Tower, SCV  
  59  11:02  Missile Turret x2  
  60  11:05  Missile Turret  
  60  11:10  Medivac x2  
  64  11:13  Marine x2  
  64  11:16  Orbital Command  
  64  11:18  Sensor Tower  
  66  11:21  Siege Tank  
  69  11:33  Missile Turret  
  69  11:35  Missile Turret  
  69  11:37  Supply Depot  
  69  11:40  Missile Turret  
  69  11:44  Marine  
  69  11:45  Marine x2  
  72  11:59  Supply Depot  
  72  12:09  Starport  
  72  12:35  Viking  
  74  12:43  Terran Ship Weapons Level 1  
  74  13:00  SCV  
  74  13:04  SCV  
  76  13:13  SCV  
  76  13:16  SCV  
  78  13:25  SCV  
  79  13:29  SCV  
  44  17:04  Starport Reactor  
Show
View Real Time Build Order
Export as new Build Order

RusKostyan Terran - Winner!

Build Orders: MMM Bio 

Get SALT Encoding   

  12  0:03  SCV  
  13  0:15  SCV  
  14  0:24  Supply Depot  
  14  0:27  SCV  
  15  0:31  Refinery  
  15  0:45  SCV  
  15  0:47  Barracks  
  16  0:57  SCV  
  17  1:06  Barracks  
  17  1:09  SCV  
  18  1:21  SCV  
  19  1:28  Supply Depot  
  19  1:34  Reaper, SCV  
  21  1:44  Refinery  
  21  1:46  SCV  
  22  1:54  Reaper  
  22  1:58  SCV  
  24  2:08  Engineering Bay  
  24  2:11  Reaper  
  24  2:12  SCV  
  24  2:39  Reaper  
  25  2:48  SCV  
  26  3:00  SCV  
  26  3:03  Marine  
  28  3:11  Reaper  
  28  3:12  SCV  
  30  3:21  Engineering Bay  
  30  3:24  SCV  
  28  3:51  Marine x2  
  28  3:53  SCV  
  31  4:00  Barracks  
  31  4:01  Barracks  
  31  4:02  Factory  
  30  4:15  Barracks Tech Lab  
  30  4:20  Command Center, Barracks Reactor  
  30  4:22  Terran Infantry Weapons Level 1, Terran Infantry Armor Level 1  
  30  4:42  Stimpack  
  30  4:51  Missile Turret  
  30  4:53  Orbital Command  
  30  4:54  Missile Turret  
  30  4:55  Missile Turret  
  30  4:56  Barracks Reactor x2  
  30  4:57  Marine  
  31  5:05  Factory Tech Lab  
  31  5:31  Marine x3, SCV  
  31  5:33  Orbital Command  
  35  5:43  Marine x2  
  35  5:44  Marine  
  35  5:46  Marine  
  35  5:48  SCV  
  35  5:49  Marine x2  
  42  5:53  Refinery  
  42  5:54  Siege Tank  
  45  6:08  Marine  
  45  6:09  Marine x4  
  50  6:16  Marine  
  50  6:17  Marine  
  52  6:29  Starport  
  52  6:40  Marine x2  
  52  6:42  Combat Shields  
  54  6:47  Armory  
  54  7:24  Supply Depot x2  
  54  7:26  Supply Depot  
  54  7:27  Marine  
  54  7:29  SCV  
  54  7:31  Medivac  
  53  7:45  Siege Tank  
  53  7:48  Supply Depot  
  55  7:58  Marine  
  55  8:00  Marine x3  
  55  8:01  Marine, Medivac  
  62  8:32  Starport Reactor  
  62  8:42  Marine x2  
  62  8:43  Marine x5  
  60  9:00  Marine x3  
  60  9:01  Marine x4  
  66  9:18  Marine x3  
  66  9:19  Marine  
  66  9:24  Marine, Liberator  
  69  9:25  Marine x2  
  72  9:35  Terran Infantry Weapons Level 2  
  72  9:36  Terran Infantry Armor Level 2, Marine x4  
  76  9:41  Medivac  
  81  10:01  Marine x6  
  81  10:02  Marine  
  88  10:08  Missile Turret  
  88  10:10  Refinery  
  88  10:11  Medivac  
  90  10:19  Marine x3  
  93  10:37  Supply Depot  
  93  10:39  Supply Depot  
  93  10:41  Liberator x2, Supply Depot  
  93  12:09  Liberator  
  93  12:10  Liberator  
  93  12:25  Siege Tank  
  102  12:35  Marine, SCV  
  102  12:36  Marine x6  
  110  12:38  Terran Infantry Armor Level 3, Terran Infantry Weapons Level 3  
  110  12:40  Command Center  
  110  12:50  Terran Ship Weapons Level 1  
  110  12:53  Marine  
  110  12:54  Marine x3  
  110  12:56  Supply Depot  
  110  12:57  Siege Tank  
  117  13:01  Liberator x2  
  117  13:03  Starport  
  123  13:20  Supply Depot  
  111  13:44  Supply Depot  
  111  13:49  Marine  
  111  13:50  Marine x6  
  118  13:58  Orbital Command  
  118  14:01  Medivac x2  
  122  14:05  SCV  
  122  14:06  SCV  
  122  14:07  Marine  
  122  14:08  Marine x3  
  128  14:10  Starport Reactor  
  128  14:16  Refinery  
  128  14:17  SCV  
  128  14:18  SCV  
  130  14:28  Marine x3  
  130  14:29  Marine x2  
  130  14:30  SCV x2  
  137  14:35  Liberator x2  
  137  14:38  Liberator  
  137  14:42  SCV x2  
  137  14:43  Armory  
  137  14:45  Refinery  
  148  15:15  Hi-Sec Auto Tracking  
  148  15:22  Command Center  
  148  16:11  Medivac x3  
  150  16:17  Marine  
  150  16:18  Marine x4  
  157  16:32  Marine x2  
  156  16:35  Marine  
  156  16:36  Marine x4  
  136  16:49  Marine  
  134  17:07  Marine x6  
  134  17:08  Marine  
  138  17:16  Barracks x4  
  138  17:18  SCV  
  138  17:19  SCV x2  
  138  17:21  Barracks  
  141  17:24  Marine  
  141  17:25  Marine x3  
  145  17:30  SCV  
  145  17:31  SCV x2  
  145  17:33  Orbital Command  
  148  17:42  SCV  
  148  17:43  SCV  
  116  18:50  Marine  
  116  18:51  Marine x5  
  116  18:53  Barracks Reactor x3  
  116  18:54  Barracks Reactor x2  
  77  19:45  Marine  
  77  19:46  Marine x12  
  77  19:47  Marine x4  
  94  19:54  Medivac  
  94  19:55  Medivac x3  
  102  20:03  Marine  
  102  20:04  Marine x16  
  119  20:21  Marine  
  119  20:22  Marine x12  
  119  20:28  Marine  
  132  20:29  Marine x3  
Show
View Real Time Build Order
Export as new Build Order

Jhyrachy Zerg - Winner!

Build Orders: Pool First 

Get SALT Encoding   

  12  0:04  Drone  
  13  0:11  Drone  
  14  0:18  Extractor  
  14  0:20  Extractor  
  12  0:21  Drone  
  12  0:22  Drone  
  15  0:42  Spawning Pool  
  14  0:46  Overlord  
  14  1:05  Drone x3  
  17  1:25  Evolution Chamber  
  16  1:29  Metabolic Boost  
  16  1:30  Queen  
  18  1:33  Zergling x2  
  18  1:39  Overlord  
  19  1:44  Zergling x2  
  20  1:54  Zergling x2  
  21  2:04  Zergling x2  
  22  2:14  Zergling x2  
  23  2:36  Zergling x4  
  25  2:42  Zergling x2  
  26  2:50  Zergling x6  
  29  3:22  Hatchery  
  29  3:24  Drone  
  29  3:27  Drone  
  29  3:29  Overlord  
  29  3:30  Overlord  
  21  5:18  Drone x3, Extractor  
  21  5:20  Drone x3  
  26  5:22  Drone  
  26  5:23  Drone x2  
  26  5:24  Queen  
  31  5:43  Drone  
  31  5:47  Roach Warren  
  31  5:51  Drone x6  
  31  5:52  Drone  
  38  5:59  Extractor  
  38  6:03  Pneumatized Carapace  
  37  6:13  Drone  
  38  6:19  Drone  
  38  6:20  Drone x5  
  44  6:40  Roach  
  44  6:41  Roach x3  
  44  6:43  Overlord x2  
  52  7:04  Roach  
  52  7:05  Roach x6  
  66  7:17  Roach  
  66  7:19  Overlord x3  
  68  8:37  Hatchery  
  44  9:40  Zerg Ground Armor Level 1  
  44  9:53  Baneling Nest  
  44  9:56  Zergling x18  
  52  10:38  Baneling x12  
  52  10:39  Baneling x10  
  20  12:05  Spore Crawler  
  20  12:06  Spore Crawler  
  20  12:07  Spore Crawler  
  20  12:08  Spore Crawler  
  16  12:13  Spore Crawler x2, Queen x2  
  18  12:22  Zergling x2  
  19  12:23  Zergling x40  
  19  12:24  Zerg Melee Weapons Level 1  
  39  12:32  Hatchery  
  38  12:50  Drone x6  
  44  13:03  Drone x3  
  47  13:15  Lair  
  47  13:30  Drone  
  47  13:31  Drone x4  
  47  13:32  Drone x4  
  56  13:35  Extractor  
  56  13:40  Hatchery  
  33  14:56  Drone x2  
  33  14:59  Queen  
  32  15:22  Roach x4  
  32  15:23  Roach x16  
  70  15:44  Spire  
  59  16:15  Drone x3  
  62  16:20  Drone x4  
  62  16:22  Overlord x3  
  66  16:51  Spawning Pool  
  66  16:52  Overlord x2  
  65  17:22  Zerg Flyer Weapons Level 1  
  65  17:39  Queen x2  
  71  17:46  Lair  
  69  17:57  Hatchery  
  68  17:58  Mutalisk  
  68  17:59  Mutalisk x18  
  78  18:16  Mutalisk  
  78  18:17  Mutalisk x6  
  61  18:52  Drone x2  
  53  19:26  Hatchery  
  52  19:31  Queen  
  52  19:32  Hatchery  
  53  19:44  Mutalisk x2  
  53  19:45  Mutalisk x10  
  77  20:14  Extractor  
  76  20:37  Extractor  
  76  20:40  Extractor  
Show
View Real Time Build Order
Export as new Build Order

GabrielsMad Protoss - Winner!

Build Orders:  

Get SALT Encoding   

  12  0:02  Probe (Chrono Boost)  
  13  0:12  Probe (Chrono Boost)  
  14  0:19  Pylon  
  14  0:26  Probe (Chrono Boost)  
  15  0:38  Probe (Chrono Boost)  
  16  0:42  Pylon  
  16  0:51  Forge  
  16  1:00  Pylon  
  16  1:06  Probe (Chrono Boost)  
  17  1:16  Probe (Chrono Boost)  
  18  1:21  Pylon  
  18  1:26  Assimilator  
  18  1:27  Probe (Chrono Boost)  
  19  1:37  Probe (Chrono Boost)  
  19  1:38  Photon Cannon  
  20  1:47  Photon Cannon  
  20  2:11  Photon Cannon  
  20  2:16  Photon Cannon  
  20  2:38  Nexus  
  20  2:51  Pylon  
  20  2:55  Probe (Chrono Boost)  
  21  2:59  Assimilator  
  21  3:04  Pylon  
  22  3:05  Probe (Chrono Boost)  
  22  3:10  Gateway  
  22  3:16  Probe (Chrono Boost)  
  23  3:24  Pylon  
  23  3:32  Photon Cannon  
  23  3:34  Photon Cannon  
  23  3:42  Probe (Chrono Boost)  
  24  3:52  Probe (Chrono Boost)  
  24  3:53  Photon Cannon  
  25  4:08  Probe x2 (Chrono Boost), Photon Cannon  
  27  4:14  Cybernetics Core  
  27  4:21  Assimilator  
  27  4:23  Probe (Chrono Boost)  
  27  4:24  Probe (Chrono Boost)  
  29  4:34  Probe x2 (Chrono Boost)  
  31  4:53  Stargate  
  31  4:55  Probe (Chrono Boost)  
  31  4:56  Probe (Chrono Boost)  
  33  5:06  Probe x2 (Chrono Boost)  
  35  5:16  Probe (Chrono Boost)  
  35  5:20  Pylon  
  36  5:24  Probe (Chrono Boost)  
  36  5:27  Probe (Chrono Boost)  
  38  5:31  Assimilator  
  38  5:48  Fleet Beacon  
  38  5:59  Probe x2 (Chrono Boost)  
  40  6:09  Probe (Chrono Boost)  
  40  6:10  Probe (Chrono Boost)  
  42  6:14  Photon Cannon  
  42  6:23  Photon Cannon  
  42  6:24  Probe x2 (Chrono Boost)  
  44  6:32  Robotics Facility  
  44  6:35  Cybernetics Core  
  44  6:41  Tempest (Chrono Boost)  
  48  6:55  Photon Cannon  
  48  6:59  Photon Cannon  
  48  7:05  Pylon  
  48  7:23  Tempest (Chrono Boost)  
  48  7:24  Protoss Air Weapons Level 1  
  48  7:27  Protoss Shields Level 1  
  52  7:39  Observer  
  53  7:50  Pylon  
  53  7:53  Stargate  
  53  7:56  Stargate  
  53  7:58  Photon Cannon  
  53  8:01  Photon Cannon  
  53  8:03  Photon Cannon  
  53  8:08  Photon Cannon  
  53  8:21  Tempest (Chrono Boost)  
  65  8:46  Tempest x2 (Chrono Boost)  
  65  8:59  Tempest (Chrono Boost)  
  77  9:36  Tempest x2 (Chrono Boost)  
  77  9:46  Pylon  
  77  9:50  Pylon  
  77  9:53  Photon Cannon  
  77  9:54  Photon Cannon  
  77  10:32  Pylon  
  77  10:41  Tempest (Chrono Boost)  
  89  10:47  Tempest x2 (Chrono Boost)  
  93  11:19  Tempest (Chrono Boost)  
  101  11:29  Tempest (Chrono Boost)  
  101  11:30  Tempest (Chrono Boost)  
  101  11:42  Photon Cannon  
  101  11:43  Photon Cannon  
  101  12:21  Pylon  
  101  12:36  Photon Cannon  
  101  12:37  Photon Cannon  
  101  12:39  Photon Cannon  
  101  12:41  Pylon x2  
  101  12:46  Tempest (Chrono Boost)  
  101  12:51  Tempest (Chrono Boost)  
  113  12:52  Tempest (Chrono Boost)  
  113  13:03  Photon Cannon  
  113  13:13  Pylon  
  113  13:15  Pylon x2  
  113  13:23  Tempest (Chrono Boost)  
  115  13:34  Tempest x2 (Chrono Boost)  
  119  14:00  Tempest (Chrono Boost)  
  135  14:38  Tempest (Chrono Boost)  
  135  14:44  Tempest x2 (Chrono Boost)  
  139  15:26  Tempest (Chrono Boost)  
  123  16:05  Tempest (Chrono Boost)  
  123  16:10  Tempest x2 (Chrono Boost)  
  135  16:53  Tempest (Chrono Boost)  
  102  17:45  Observer  
  103  18:06  Observer  
  103  18:09  Tempest (Chrono Boost)  
  116  18:14  Tempest (Chrono Boost)  
  116  18:15  Tempest (Chrono Boost)  
  113  18:28  Observer  
  118  18:57  Tempest (Chrono Boost)  
Show
View Real Time Build Order
Export as new Build Order

bordo Terran - Winner!

Build Orders:  

Get SALT Encoding   

  12  0:19  SCV  
  13  0:31  SCV  
  14  1:01  Command Center  
  14  1:21  Supply Depot  
  14  1:48  Barracks  
  14  1:54  Barracks  
  14  2:41  Marine  
  14  2:43  Marine  
  16  2:52  Supply Depot  
  16  2:59  Marine  
  16  3:01  Marine  
  17  3:19  Marine  
  17  3:35  SCV  
  17  3:37  Marine  
  17  3:39  Marine  
  20  3:47  SCV  
  21  3:50  Supply Depot x2  
  21  3:54  Marine  
  22  3:57  Marine  
  22  3:59  SCV  
  22  4:02  Refinery  
  23  4:12  Marine  
  23  4:15  Marine  
  25  4:19  Bunker  
  23  4:30  Marine, SCV  
  25  4:33  Marine  
  26  4:41  Bunker  
  26  4:42  SCV  
  27  4:48  Marine  
  27  4:51  Refinery  
  28  4:54  SCV  
  29  5:02  Marine  
  29  5:06  Marine  
  29  5:07  SCV  
  32  5:19  SCV, Factory  
  32  5:20  Marine  
  34  5:23  Marine  
  35  5:31  SCV  
  36  5:37  Marine  
  36  5:41  Marine  
  38  5:43  SCV  
  38  5:49  Factory  
  39  5:55  Marine  
  39  5:56  SCV  
  41  5:59  Marine  
  41  6:02  Supply Depot  
  42  6:05  Factory Tech Lab  
  42  6:08  SCV  
  43  6:13  Marine  
  44  6:20  SCV  
  45  6:27  Siege Tank  
  45  6:32  SCV  
  49  6:34  Factory Tech Lab  
  49  6:42  Supply Depot  
  49  6:44  Barracks Reactor, SCV  
  41  6:56  SCV  
  39  7:23  Siege Tank  
  39  7:24  Siege Tank  
  45  7:30  Marine x2  
  45  7:33  Barracks Reactor  
  34  7:47  Marine  
  34  7:48  Marine  
  35  7:55  Siege Tank  
  34  8:05  Marine  
  34  8:06  Marine  
  36  8:17  Supply Depot  
  36  8:19  Supply Depot  
  36  8:23  Marine x4  
  40  8:41  Marine x2  
  42  9:19  Marine x4  
  46  9:39  Marine x3  
  46  9:40  Marine  
  46  9:45  SCV  
  51  9:57  SCV  
  52  10:09  SCV  
  53  10:15  Marine  
  53  10:16  Marine x3  
  57  10:21  SCV  
  58  10:33  Marine x2, SCV  
  58  10:34  Marine  
  62  10:39  SCV  
  63  10:47  Siege Tank x2  
  69  10:51  SCV  
  61  11:42  Supply Depot  
  61  11:47  Marine x2  
  61  11:48  Marine x2  
  65  11:59  SCV  
  66  12:04  Barracks  
  66  12:05  Marine x3  
  66  12:06  Marine  
  70  12:11  SCV  
  71  12:17  Bunker  
  71  12:23  Marine x4, SCV  
  71  12:27  Siege Tank x2  
  82  12:35  SCV  
  83  12:41  Marine x3  
  86  13:09  Supply Depot  
  86  13:12  Supply Depot  
  86  13:30  Marine x3, SCV  
  90  13:43  SCV  
  90  13:44  Marine  
  90  13:48  Marine x3  
  95  14:00  Barracks Tech Lab  
  95  14:02  Marine  
  96  14:06  Marine  
  97  14:34  Orbital Command  
  97  14:37  SCV  
  91  14:49  SCV  
  92  15:01  SCV  
  93  15:13  SCV  
  94  15:41  Marine x4  
  98  15:46  Combat Shields  
  98  15:48  Marine  
  87  15:51  Siege Tank x2  
  93  15:59  Marine x4  
  97  16:06  Marine  
  98  16:16  Marine  
  98  16:17  Marine x3  
  102  16:30  Marine  
  100  16:34  Marine x2  
  102  16:42  Marine  
  102  17:26  Supply Depot  
  102  17:27  Supply Depot  
  102  17:29  Supply Depot  
  102  17:32  Supply Depot  
  102  17:47  Siege Tank x2, Marine x2  
  102  17:48  Marine x3  
  102  18:05  Marine x2  
  92  18:06  Marine x2  
  94  18:13  Supply Depot  
  94  18:17  Supply Depot  
  94  18:22  Marine x3  
  94  18:24  Marine x2  
  95  18:39  Marine  
  95  18:40  Marine x2  
  98  18:42  Marine x2  
  100  18:57  Marine  
  100  18:58  Marine x2  
  100  18:59  Marine x2  
  105  19:15  Marine  
  105  19:16  Marine x2  
  108  19:17  Marine x2  
  110  19:33  Marine  
  110  19:34  Marine x2  
  110  19:35  Marine x2  
  96  19:51  Marine  
  96  19:52  Marine x2  
  99  19:53  Marine x2  
  101  20:11  Marine  
Tags
 
Add a new tag
Caveats
  • Supply blocks, unpowered buildings, or Contaminate may cause inaccurate times.
  • Supply counts are checked every 10 seconds.